 Dungeon Crawl Stone Soup version 0.21.1-1-g345015f (webtiles) character file.

117797 theElss the Warrior (level 16, -7/171 HPs)
             Began as a Gargoyle Berserker on Feb 24, 2018.
             Was the Champion of Trog.
             Mangled by a spiny frog (13 damage)
             ... on level 1 of the Swamp.
             The game lasted 01:49:03 (31394 turns).

theElss the Warrior (Gargoyle Berserker)           Turns: 31394, Time: 01:49:04

Health: -7/171     AC: 43    Str: 31    XL:     16   Next: 75%
Magic:  16/16      EV: 10    Int:  6    God:    Trog [******]
Gold:   2454       SH: 15    Dex: 11    Spells: 15/15 levels left

rFire    . . .     SeeInvis .   y - +2 eveningstar (protect)
rCold    . . .     Gourm    .   W - +0 shield
rNeg     + . .     Faith    .   T - +0 plate armour
rPois    ∞         Spirit   .   e - +0 helmet
rElec    +         Reflect  .   t - +1 cloak
rCorr    +         Harm     .   E - +0 pair of gloves
MR       +....                  w - +0 pair of boots
Stlth    ..........             o - amulet of magic regeneration
HPRegen  0.38/turn              X - ring of resist corrosion
MPRegen  0.40/turn              R - +5 ring of protection

@: berserking (expiring), protection aura, flying, very quick
A: big wings, dopey 1, negative energy resistance 1, electricity resistance,
unbreathing, petrification resistance, rot immunity, AC +12
a: Stop Flying, Berserk, Trog's Hand, Brothers in Arms, Burn Spellbooks,
Renounce Religion


You were on level 1 of the Swamp.
You worshipped Trog.
Trog was exalted by your worship.
You were not hungry.

You visited 4 branches of the dungeon, and saw 24 of its levels.

You collected 2454 gold pieces.

Inventory:

Hand Weapons
 a - the +3 mace of Untimely Demise {flame, Int+4}
   (You found it on level 8 of the Dungeon)

   It has been specially enchanted to burn those struck by it, causing extra
   injury to most foes and up to half again as much damage against particularly
   susceptible opponents.
   It affects your intelligence (+4).
 b - a +0 hand crossbow
 y - a +2 eveningstar of protection (weapon)
Missiles
 H - 273 bolts
Armour
 e - a +0 helmet (worn)
 t - a +1 cloak (worn)
 w - a +0 pair of boots (worn)
 E - a +0 pair of gloves (worn)
 O - the +6 scale mail "Kieliruc" {rPois Str-3 Int-4 Dex+5, unknown}
   (You found it on level 4 of the Lair of Beasts)

   It affects your strength (-3).
   It affects your intelligence (-4).
   It affects your dexterity (+5).
   It protects you from poison.
 T - a +0 plate armour (worn)
 W - a +0 shield (worn)
Jewellery
 o - an amulet of magic regeneration (around neck)
 s - an uncursed ring of teleportation
 R - a +5 ring of protection (right hand)
 X - a ring of resist corrosion (left hand)
Wands
 F - a wand of clouds (3)
 M - a wand of flame (48)
 N - a wand of digging (9)
 Q - a wand of polymorph (17)
 U - a wand of disintegration (13)
 Y - a wand of paralysis (6)
Scrolls
 f - 4 scrolls of blinking
 g - 9 scrolls of enchant armour
 j - 2 scrolls of identify
 k - 2 scrolls of fear
 l - 10 scrolls of teleportation
 n - 4 scrolls of magic mapping
 p - 8 scrolls of remove curse
 v - 8 scrolls of fog
 A - 4 scrolls of enchant weapon
 D - 3 scrolls of silence
 I - 3 scrolls of summoning
 Z - a scroll of acquirement
Potions
 d - 2 potions of brilliance
 h - a potion of magic
 i - 4 potions of heal wounds
 m - 3 potions of agility
 q - 7 potions of curing
 r - 4 potions of flight
 u - 3 potions of resistance
 x - 3 potions of ambrosia
 z - 6 potions of lignification
 B - 3 potions of might
 C - 6 potions of haste
 K - a potion of berserk rage
 P - a potion of mutation {unknown}
 S - a potion of degeneration {unknown}
 V - a potion of invisibility {unknown}
Books
 G - a book of Power

   Spells                             Type                      Level
   a - Iskenderun's Battlesphere      Conjuration/Charms           5
   b - Venom Bolt                     Conjuration/Poison           5
   c - Bolt of Magma                  Conjuration/Fire/Earth       5
   d - Iron Shot                      Conjuration/Earth            6
   e - Orb of Destruction             Conjuration                  7
   f - Spellforged Servitor           Conjuration/Summoning        7
   Trog disapproves of the use of such an item.
Miscellaneous
 J - a lamp of fire
Comestibles
 c - 48 rations


   Skills:
 + Level 18.3 Fighting
 - Level 16.0 Maces & Flails
 * Level 2.9 Crossbows
 + Level 6.6 Armour
 + Level 6.1 Dodging
 - Level 2.1 Stealth
 + Level 15.4 Shields


You had 15 spell levels left.
You didn't know any spells.

Dungeon Overview and Level Annotations

Branches:
Dungeon (15/15)            Temple (0/1) D:5            Lair (6/6) D:10
  Swamp (1/4) Lair:4       Spider (0/4) Lair:4        Slime (0/5) Lair:5
    Orc (2/2) D:9             Elf (0/3) Orc:2        Vaults (0/5) D:13
 Depths (0/5) D:15

Altars:
Ashenzari
Cheibriados
Dithmenos
Elyvilon
Makhleb
Nemelex Xobeh
Okawaru
Ru
Sif Muna
Uskayaw
Vehumet
Yredelemnul
Zin
The Shining One
Beogh

Shops:
D:6 *   Orc:2 *(([


Innate Abilities, Weirdness & Mutations

You are resistant to torment.
Your stone body is resilient. (AC +12)
You are immune to poison.
Your large and strong wings let you fly indefinitely.
You resist negative energy. (rN+)
You are resistant to electric shocks. (rElec)
You can survive without breathing.
You are immune to petrification.
You are immune to rotting.
You are dopey. (Int -2)


Message History

* * * LOW HITPOINT WARNING * * *
You impale the seven-headed hydra!!
The seven-headed hydra is almost dead.
The hornet barely misses you. You block the hornet's attack.
You block the spiny frog's attack.
Unknown command.
You perforate the seven-headed hydra like a sieve!!!
You kill the seven-headed hydra!
Trog accepts your kill. You block the hornet's attack. x2
The hornet stings you but does no damage.
You block the seven-headed hydra's attack.
The seven-headed hydra bites you but does no damage. x2
The seven-headed hydra closely misses you.
The seven-headed hydra misses you.
The seven-headed hydra bites you but does no damage. x2
You impale the seven-headed hydra!!
The seven-headed hydra is heavily wounded.
The spiny frog stings you!
You die...

≈≈≈≈≈.. ≈.≈≈.≈≈
≈≈≈≈≈.≈≈≈.....≈≈
.....≈≈.≈≈..≈≈≈
≈..≈≈..≈≈≈≈≈≈≈
♣.≈≈♣.≈......
♣.$.........?
♣.≈..≈≈≈≈≈≈≈
♣..§≈≈≈≈.♣
≈...≈.≈≈≈≈
...≈≈≈≈≈≈≈
♣♣..≈≈≈≈≈≈≈


You could see a seven-headed hydra, a spiny frog and 3 hornets.

Vanquished Creatures
  Kirke (Lair:6)
  Nessos (Lair:4)
  A dire elephant (D:15)
  Snorg (Lair:6)
  2 minotaurs (D:13)
  A fire dragon (Lair:6)
  Fannar (Lair:2)
  The ghost of Mirai the Geomancer, a journeyman GrEE of Vehumet (Orc:2)
  6 hydras
  3 centaur warriors
  21 two-headed ogres
  5 tengu warriors (D:15)
  13 death yaks
  4 ogre magi (Orc:2)
  A sixfirhy (D:14)
  A shambling mangrove (Swamp:1)
  2 unseen horrors (D:10)
  A wizard (D:15)
  A swamp dragon (Lair:6)
  2 orc knights (Orc:1)
  A lindwurm (Lair:6)
  2 wolf spiders
  4 cyclopes
  10 ugly things
  2 deep elf magi (D:13)
  A salamander (shapeshifter) (D:13)
  3 oklob plants (Lair:5)
  9 elephants
  4 manticores
  A guardian serpent (Lair:6)
  A naga mage (D:15)
  14 black mambas
  2 gargoyles
  13 spiny frogs
  12 komodo dragons
  4 rime drakes
  A kobold demonologist (D:14)
  An efreet (D:12)
  9 yaktaurs
  2 tengu conjurers (D:15)
  2 jumping spiders (Lair:4)
  A hornet (shapeshifter) (D:14)
  A meliai (shapeshifter) (D:14)
  The ghost of letownia2 the Chiller, a novice VSIE of Sif Muna (D:6)
  3 hornets (Lair:6)
  A troll (Orc:1)
  2 tyrant leeches (Lair:4)
  10 hippogriffs
  2 slime creatures (D:15)
  12 blink frogs
  Sigmund (D:2)
  5 redbacks
  2 spriggans (Lair:3)
  A shadow (D:14)
  6 water elementals
  2 steam dragons (Lair:6)
  2 basilisks
  14 wyverns
  81 yaks
  3 swamp worms (Lair:4)
  4 vampire mosquitoes (D:12)
  A hungry ghost (D:12)
  A soldier ant (D:12)
  2 wargs
  An acid dragon (Lair:6)
  20 water moccasins
  The ghost of grindst0ne the Magician, an amateur DEEE (D:4)
  The ghost of grindst0ne the Digger, an amateur DEEE (D:3)
  An acid dragon (shapeshifter) (D:15)
  12 porcupines
  A swamp drake (Lair:6)
  3 black bears
  2 eyes of draining
  5 ice beasts
  13 orc warriors
  3 sky beasts
  2 phantoms
  2 necrophages
  27 ogres
  10 wolves
  12 crocodiles
  11 centaurs
  4 big kobolds
  8 bullfrogs
  5 jellies
  A water moccasin zombie (D:7)
  3 scorpions
  12 killer bees
  2 howler monkeys (D:9)
  2 bullfrog zombies
  20 electric eels
  4 crimson imps
  3 centaur zombies
  6 hounds
  5 centaur skeletons
  Crazy Yiuf (D:2)
  4 gnoll shamans (D:3)
  11 orc priests
  A bullfrog skeleton (D:4)
  Jessica (D:5)
  7 iguanas
  10 orc wizards
  7 worker ants
  48 gnolls
  11 adders
  4 shadow imps
  5 oozes
  2 adder zombies
  An adder skeleton (D:4)
  2 worms (D:2)
  3 dart slugs (D:1)
  8 leopard geckos
  52 orcs
  3 ball pythons
  6 bats
  4 giant cockroaches
  4 hobgoblins
  23 jackals
  25 kobolds
  7 quokkas
  6 frilled lizards
  3 goblins
  A jackal zombie (D:6)
  2 leopard gecko zombies
  4 rats (D:2)
  A fungus (D:2)
794 creatures vanquished.

Vanquished Creatures (collateral kills)
  4 death yaks (D:10)
  A yak (D:10)
5 creatures vanquished.

Vanquished Creatures (others)
  A crimson imp (D:14)
  A worker ant (D:12)
  A gnoll (D:13)
  14 fungi
  32 plants
49 creatures vanquished.

Grand Total: 848 creatures vanquished

Notes
Turn   | Place    | Note
-------+----------+-------------------------------------------
     0 | D:1      | theElss the Gargoyle Berserker began the quest for the Orb.
     0 | D:1      | Reached XP level 1. HP: 14/14 MP: 1/1
   120 | D:1      | Reached XP level 2. HP: 12/19 MP: 2/2
   911 | D:2      | Reached XP level 3. HP: 24/24 MP: 3/3
  1115 | D:2      | Reached ** piety under Trog
  1179 | D:2      | Noticed Sigmund
  1192 | D:2      | Killed Sigmund
  1192 | D:2      | Reached skill level 4 in Fighting
  1192 | D:2      | Reached XP level 4. HP: 30/30 MP: 4/4
  1192 | D:2      | Reached XP level 5. HP: 34/34 MP: 5/5
  1385 | D:2      | Reached skill level 5 in Maces & Flails
  1414 | D:2      | Reached XP level 6. HP: 33/39 MP: 6/6
  1626 | D:2      | Found a sacrificial altar of Ru.
  1845 | D:2      | Found a runed door.
  1849 | D:2      | Noticed Crazy Yiuf
  1858 | D:2      | Killed Crazy Yiuf
  1858 | D:2      | Reached skill level 1 in Stealth
  2183 | D:3      | Found a glowing silver altar of Zin.
  2265 | D:3      | Found a white marble altar of Elyvilon.
  2334 | D:3      | Noticed grindst0ne's ghost (amateur DEEE)
  2348 | D:3      | Killed grindst0ne's ghost
  2348 | D:3      | Reached skill level 5 in Fighting
  2348 | D:3      | Reached XP level 7. HP: 27/44 MP: 7/7
  2577 | D:3      | Found an iron altar of Okawaru.
  2593 | D:3      | Reached *** piety under Trog
  3858 | D:3      | Reached XP level 8. HP: 45/50 MP: 8/8
  4507 | D:3      | Reached **** piety under Trog
  4840 | D:4      | Noticed grindst0ne's ghost (amateur DEEE)
  4864 | D:4      | Killed grindst0ne's ghost
  4991 | D:4      | Found a glowing golden altar of the Shining One.
  5029 | D:4      | Found a shadowy altar of Dithmenos.
  5241 | D:4      | Reached skill level 6 in Fighting
  5996 | D:5      | Entered Level 5 of the Dungeon
  6017 | D:5      | Identified the Handbook of Bewitchment and Creation
  6020 | D:5      | Got a steaming war axe
  6021 | D:5      | Identified the +7 war axe "Xelila" {chop, rPois Str+5 Int-5} (You found it on level 5 of the Dungeon)
  6270 | D:5      | Reached XP level 9. HP: 40/55 MP: 9/9
  6744 | D:5      | Found a basalt altar of Yredelemnul.
  6868 | D:5      | Noticed Jessica
  6882 | D:5      | Killed Jessica
  6884 | D:5      | Found a deep blue altar of Sif Muna.
  7019 | D:5      | Found a staircase to the Ecumenical Temple.
  7123 | D:6      | Noticed letownia2's ghost (novice VSIE)
  7135 | D:6      | Killed letownia2's ghost
  7188 | D:6      | Found a sparkling altar of Nemelex Xobeh.
  7248 | D:6      | Reached skill level 5 in Dodging
  7355 | D:6      | Reached skill level 5 in Armour
  8123 | D:6      | Found Xilic's Assorted Antiques.
  8211 | D:6      | Found a snail-covered altar of Cheibriados.
  8435 | D:7      | Reached skill level 1 in Shields
  8579 | D:7      | Reached ***** piety under Trog
  8812 | D:7      | Reached skill level 7 in Fighting
  9375 | D:8      | Got an ancient mace
  9376 | D:8      | Identified the cursed +3 mace of Untimely Demise {flame, Int+4} (You found it on level 8 of the Dungeon)
  9549 | D:8      | Reached XP level 10. HP: 63/63 MP: 10/10
  9620 | D:8      | Found a radiant altar of Vehumet.
  9623 | D:8      | Found a hide-covered altar of Uskayaw.
  9824 | D:8      | Got an encrusted falchion
 10144 | D:9      | Reached skill level 10 in Maces & Flails
 10145 | D:9      | Noticed a two-headed ogre
 10726 | D:9      | Noticed a two-headed ogre
 10736 | D:9      | Killed a two-headed ogre
 10807 | D:9      | Killed a two-headed ogre
 10807 | D:9      | Reached skill level 8 in Fighting
 10914 | D:9      | Found a staircase to the Orcish Mines.
 10942 | D:9      | Reached skill level 5 in Shields
 10950 | D:9      | Reached XP level 11. HP: 43/68 MP: 11/11
 11321 | D:9      | Found a burning altar of Makhleb.
 11321 | D:9      | Noticed a green death
 11936 | D:10     | Entered Level 10 of the Dungeon
 12084 | D:10     | Noticed a two-headed ogre
 12086 | D:10     | Noticed a death yak
 12112 | D:10     | Killed a two-headed ogre
 12123 | D:10     | Killed a death yak
 12123 | D:10     | Reached skill level 9 in Fighting
 12307 | D:10     | Noticed a death yak
 12307 | D:10     | Noticed a death yak
 12308 | D:10     | Noticed a death yak
 12308 | D:10     | Noticed a death yak
 12336 | D:10     | Noticed a death yak
 12339 | D:10     | Noticed a death yak
 12341 | D:10     | Killed a death yak
 12356 | D:10     | Killed a death yak
 12364 | D:10     | Killed a death yak
 12366 | D:10     | Killed a death yak
 12370 | D:10     | Killed a death yak
 12378 | D:10     | Killed a death yak
 12566 | D:10     | Found a staircase to the Lair.
 12591 | D:10     | Identified the +6 falchion "Gudodyc" {flame, *Contam +Blink rElec rN++} (You found it on level 8 of the Dungeon)
 12598 | D:10     | Gained mutation: You are dopey. (Int -2) [mutagenic glow]
 12643 | D:10     | Reached skill level 10 in Fighting
 12670 | D:10     | Found a snail-covered altar of Cheibriados.
 12707 | D:10     | Killed an unseen horror
 12707 | D:10     | Reached XP level 12. HP: 55/77 MP: 12/12
 14737 | D:12     | Received a gift from Trog
 14779 | D:12     | Reached skill level 11 in Fighting
 15636 | D:13     | Noticed a two-headed ogre
 15649 | D:12     | Killed a two-headed ogre
 15861 | D:12     | HP: 4/80 [efreet/fireball (6)]
 15862 | D:12     | HP: 1/120 [efreet/scimitar of flaming (2)]
 16714 | D:13     | Reached XP level 13. HP: 66/84 MP: 13/13
 17164 | D:13     | Reached skill level 12 in Fighting
 17256 | D:13     | Reached skill level 15 in Maces & Flails
 17660 | D:13     | Received a gift from Trog
 17939 | D:13     | Noticed a minotaur
 17940 | D:13     | Noticed a minotaur
 17963 | D:13     | Killed a minotaur
 18001 | D:13     | Killed a minotaur
 18001 | D:13     | Reached skill level 10 in Shields
 18593 | D:13     | Found a gate to the Vaults.
 19108 | Lair:1   | Entered Level 1 of the Lair of Beasts
 20244 | Lair:2   | Gained mutation: Your large and strong wings let you fly indefinitely. [Gargoyle growth]
 20244 | Lair:2   | Reached XP level 14. HP: 92/92 MP: 14/14
 20366 | Lair:2   | Noticed Fannar
 20381 | Lair:2   | Killed Fannar
 21545 | Lair:3   | Received a gift from Trog
 22164 | Lair:4   | Identified a scroll of acquirement
 22211 | Lair:4   | Reached skill level 13 in Fighting
 22576 | Lair:4   | Got a jewelled scale mail
 22835 | Lair:4   | Found a hole to the Spider Nest.
 22938 | Lair:4   | Noticed Nessos
 22948 | Lair:4   | Killed Nessos
 23344 | Lair:4   | Found a staircase to the Swamp.
 24331 | Lair:5   | Found a staircase to the Slime Pits.
 24531 | Lair:6   | Entered Level 6 of the Lair of Beasts
 24726 | Lair:6   | Reached XP level 15. HP: 85/99 MP: 15/15
 24738 | Lair:6   | Received a gift from Trog
 24936 | Lair:6   | Reached ****** piety under Trog
 24989 | Lair:5   | Reached skill level 15 in Shields
 25123 | Lair:5   | Received a gift from Trog
 25378 | Lair:6   | Reached skill level 14 in Fighting
 26245 | Lair:6   | Noticed Snorg
 26259 | Lair:6   | Killed Snorg
 26272 | Lair:6   | Reached skill level 15 in Fighting
 26766 | Lair:6   | Noticed Kirke
 26809 | Lair:6   | Killed Kirke
 27140 | Orc:1    | Entered Level 1 of the Orcish Mines
 27140 | Orc:1    | Found a roughly hewn altar of Beogh.
 27299 | Orc:1    | Found a roughly hewn altar of Beogh.
 27495 | Orc:2    | Entered Level 2 of the Orcish Mines
 27505 | Orc:2    | Noticed Mirai's ghost (journeyman GrEE)
 27904 | Orc:2    | Killed Mirai's ghost
 27904 | Orc:2    | Reached skill level 16 in Fighting
 28249 | Orc:1    | Received a gift from Trog
 28400 | Orc:2    | Reached XP level 16. HP: 109/111 MP: 16/16
 28492 | Orc:2    | Reached skill level 17 in Fighting
 28514 | Orc:2    | Paralysed by an ogre mage for 6 turns
 28616 | Orc:1    | Found a radiant altar of Vehumet.
 29076 | Orc:2    | Found a staircase to the Elven Halls.
 29169 | Orc:2    | Found Sungicur's Weapon Emporium.
 29169 | Orc:2    | Found Ucurrof's Assorted Antiques.
 29170 | Orc:2    | Found Paine's Armour Shop.
 29170 | Orc:2    | Found Ewnidd's Weapon Emporium.
 29577 | D:14     | Found a runed door.
 29767 | D:14     | Received a gift from Trog
 29901 | D:14     | Reached skill level 1 in Crossbows
 30035 | D:15     | Entered Level 15 of the Dungeon
 30127 | D:15     | Reached skill level 18 in Fighting
 30733 | D:15     | Found a staircase to the Depths.
 31024 | D:15     | Found a shattered altar of Ashenzari.
 31370 | Swamp:1  | Entered Level 1 of the Swamp
 31391 | Swamp:1  | HP: 6/171 [seven-headed hydra (4)]
 31394 | Swamp:1  | Mangled by a spiny frog

Skill      XL: |  1  2  3  4  5  6  7  8  9 10 11 12 13 14 15 16 |
---------------+-------------------------------------------------+-----
Fighting       | 4 5 6 7 8 10 11 12 13 16 18 | 18.3
Maces & Flails | 4 5 6 8 9 11 13 14 15 16 | 16.0
Dodging        | 2 3 4 5 6 |  6.1
Stealth        | 1 2 |  2.1
Armour         | 3 5 6 |  6.6
Shields        | 1 5 7 11 14 15 | 15.4
Crossbows      | 2 |  2.9

Action                   |  1- 3 |  4- 6 |  7- 9 | 10-12 | 13-15 | 16-18 || total
-------------------------+-------+-------+-------+-------+-------+-------++-------
Melee: Mace              |    87 |   143 |   694 |   830 |  2118 |       ||  3872
       Eveningstar       |       |       |       |       |     6 |   496 ||   502
Invok: Berserk           |     1 |     4 |    11 |    13 |    11 |     1 ||    41
       Brothers in Arms  |       |       |       |     3 |       |       ||     3
       Trog's Hand       |       |       |       |       |       |     1 ||     1
 Abil: Fly               |       |       |       |       |     1 |       ||     1
  Use: Scroll            |       |       |    10 |    11 |    10 |       ||    31
 Stab: Sleeping          |       |       |       |     1 |       |       ||     1
  Eat: Chunk             |     1 |     8 |    34 |    31 |    44 |     9 ||   127
       Ration            |       |       |       |     2 |     2 |     1 ||     5
Armor: Animal skin       |    29 |    55 |    54 |       |       |       ||   138
       Ring mail         |       |       |   238 |   162 |       |       ||   400
       Plate armour      |       |       |       |   168 |   905 |   349 ||  1422
Dodge: Dodged            |    55 |   100 |   397 |   275 |   511 |   145 ||  1483
Block: Buckler           |       |       |    47 |    80 |       |       ||   127
       Shield            |       |       |       |    73 |  1106 |   316 ||  1495
